Map: Orbital Shipyard

Players

wabbajack

  • Race: Terran Terran
  • League: Grandmaster

SucePince - Winner!

  • Race: Zerg Zerg
  • League: Grandmaster

VOD

Have the link to the VOD?

Description

Time

  • Played on: July 14, 2015, 10:07 a.m.
  • Length: 12:50
Show
View Real Time Build Order
Export as new Build Order

wabbajack Terran 

Build Orders: Banshee Rush 

Get SALT Encoding   

  12  0:01  SCV  
  13  0:13  SCV  
  14  0:20  Supply Depot  
  14  0:25  SCV  
  15  0:41  SCV  
  16  0:44  Barracks  
  16  0:46  Refinery  
  16  0:53  SCV  
  17  1:05  SCV  
  17  1:08  Refinery  
  18  1:17  SCV  
  19  1:24  Supply Depot  
  19  1:31  Orbital Command  
  19  1:43  Factory  
  19  1:58  SCV  
  20  2:05  Barracks Reactor  
  20  2:19  Command Center  
  20  2:31  Starport  
  20  2:42  Marine x2  
  22  2:45  SCV  
  23  2:53  Widow Mine  
  23  2:57  SCV  
  26  2:59  Supply Depot  
  26  3:09  SCV  
  27  3:13  Supply Depot  
  27  3:14  Starport Tech Lab  
  27  3:18  Starport Tech Lab  
  27  3:33  Marine x2  
  29  3:39  Factory Reactor  
  29  3:42  Orbital Command  
  29  3:44  SCV  
  30  3:51  Marine x2  
  30  3:52  Banshee  
  35  3:56  SCV  
  35  3:57  Cloaking Field  
  36  4:08  SCV  
  37  4:18  Barracks  
  37  4:26  Widow Mine  
  37  4:27  Widow Mine  
  37  4:30  SCV x2  
  43  4:34  Banshee  
  43  4:35  Marine x2  
  48  4:42  SCV x2, Barracks  
  48  4:44  Engineering Bay  
  50  5:01  Marine x2  
  52  5:08  Barracks Tech Lab  
  52  5:12  Terran Infantry Weapons Level 1  
  52  5:15  Armory  
  52  5:17  Banshee  
  52  5:20  Hellion x2  
  59  5:23  Supply Depot  
  59  5:33  Supply Depot  
  59  5:41  Hellion  
  61  5:44  Hellion  
  57  6:54  Barracks Tech Lab, Marine  
  57  6:55  Marine  
  57  6:56  Marauder  
  57  6:58  Hellbat x2  
  57  7:01  Combat Shields  
  65  7:08  Starport  
  65  7:09  Starport  
  65  7:13  Terran Infantry Weapons Level 2  
  65  7:17  Supply Depot  
  65  7:18  Supply Depot, SCV  
  65  7:19  Hellbat x2  
  70  7:23  Supply Depot  
  70  7:29  Command Center  
  70  7:30  SCV  
  71  7:38  Command Center  
  71  7:43  SCV  
  72  7:50  Starport Reactor x2  
  72  7:55  SCV  
  72  7:58  Widow Mine  
  73  7:59  Hellbat  
  73  8:00  Marauder  
  73  8:02  Marauder  
  73  8:03  Stimpack  
  81  8:07  SCV  
  81  8:12  Refinery  
  82  8:13  SCV, Liberator  
  82  8:15  Refinery  
  82  8:19  SCV  
  84  8:20  Supply Depot, Hellbat  
  84  8:25  SCV, Marine x2  
  84  8:26  Widow Mine  
  89  8:29  Medivac  
  89  8:31  SCV  
  89  8:32  Medivac  
  99  8:42  Supply Depot x2  
  99  8:43  Supply Depot, Marine x2  
  99  8:46  Supply Depot  
  99  8:47  Medivac  
  103  8:50  Orbital Command  
  103  8:57  SCV  
  103  8:59  SCV  
  105  9:09  SCV  
  106  9:11  SCV  
  107  9:19  Liberator x2  
  107  9:21  SCV  
  107  9:23  SCV  
  115  10:13  Liberator  
  115  10:18  Raven  
  117  10:22  Widow Mine x2  
  117  10:25  Marauder  
  126  11:15  Orbital Command  
  126  11:37  SCV x2  
  128  11:41  Unknown  
  128  11:42  SCV  
  129  11:49  SCV x2  
  131  11:54  SCV  
  133  12:01  SCV x2  
  133  12:04  Barracks  
  133  12:05  Barracks x2  
  133  12:06  SCV, Barracks  
  133  12:07  Barracks x2  
  135  12:13  SCV  
  142  12:22  Refinery  
  145  12:23  Refinery, Missile Turret  
Show
View Real Time Build Order
Export as new Build Order

SucePince Zerg - Winner!

Build Orders: Hatch First, Lurkers 

Get SALT Encoding   

  12  0:07  Overlord  
  12  0:18  Drone  
  12  0:19  Drone  
  14  0:26  Drone  
  15  0:34  Drone  
  16  0:44  Drone  
  17  0:57  Hatchery  
  17  1:02  Drone  
  17  1:13  Spawning Pool  
  17  1:14  Drone  
  17  1:21  Drone  
  17  1:24  Drone  
  19  1:34  Overlord  
  19  1:47  Drone  
  19  1:49  Extractor  
  19  1:56  Drone  
  20  2:06  Queen  
  22  2:09  Queen  
  22  2:10  Zergling x2  
  22  2:11  Drone  
  26  2:20  Drone x2  
  28  2:31  Overlord  
  28  2:33  Drone  
  29  2:42  Queen  
  31  2:44  Queen  
  31  2:50  Metabolic Boost  
  33  2:53  Drone x4  
  37  3:06  Overlord  
  37  3:07  Drone  
  38  3:33  Drone  
  39  3:34  Drone x7  
  39  3:35  Drone x2  
  39  3:40  Extractor  
  47  3:42  Hatchery  
  46  3:51  Drone x2  
  48  4:02  Extractor  
  47  4:10  Evolution Chamber  
  47  4:11  Evolution Chamber  
  47  4:16  Drone x3, Overlord  
  48  4:17  Overlord  
  47  4:30  Lair  
  47  4:32  Spore Crawler  
  47  4:34  Spore Crawler  
  47  4:37  Zerg Missile Weapons Level 1  
  45  4:39  Roach Warren  
  44  4:48  Zergling x2  
  44  4:49  Zergling x6  
  44  4:51  Zergling x6  
  51  5:00  Drone  
  51  5:01  Drone x10, Queen  
  64  5:20  Zerg Ground Armor Level 1, Extractor  
  63  5:28  Drone x2  
  65  5:29  Overlord x3  
  58  5:50  Queen  
  58  5:52  Drone  
  58  5:53  Drone x2  
  64  5:57  Roach x6  
  64  5:58  Roach x5  
  64  6:03  Spore Crawler  
  83  6:17  Overseer  
  83  6:25  Queen  
  78  6:32  Baneling Nest  
  78  6:35  Drone x9  
  78  6:36  Queen  
  83  6:53  Drone  
  86  6:54  Drone x2  
  86  6:59  Spore Crawler x2  
  84  7:15  Zerg Missile Weapons Level 2  
  84  7:16  Zerg Ground Armor Level 2  
  84  7:20  Baneling  
  84  7:21  Baneling x10  
  84  7:24  Drone x3  
  84  7:25  Drone x6  
  93  7:32  Drone x2  
  93  7:34  Extractor  
  93  7:35  Extractor  
  93  7:42  Hydralisk Den  
  91  7:58  Overlord x5  
  91  7:59  Overlord x2  
  91  8:05  Centrifical Hooks  
  91  8:14  Drone  
  91  8:15  Drone x5  
  91  8:16  Drone  
  91  8:17  Drone x3  
  101  8:37  Roach x4  
  101  8:38  Roach x9  
  101  8:40  Lurker Den  
  127  8:51  Hatchery  
  126  8:59  Hydralisk x3  
  132  9:25  Overlord x3  
  132  9:27  Hydralisk x9  
  150  9:34  Overlord  
  150  9:43  Overlord  
  150  9:44  Overlord x2  
  150  9:50  Infestation Pit, Glial Reconstitution  
  149  10:00  Hydralisk  
  149  10:01  Hydralisk, Roach x3  
  149  10:06  Drone x2  
  161  10:15  Ravager  
  161  10:16  Ravager x2  
  164  10:28  Spore Crawler  
  164  10:29  Spore Crawler  
  162  10:38  Hive  
  162  10:41  Zerg Melee Weapons Level 1  
  162  10:44  Extractor  
  162  10:47  Extractor  
  160  10:56  Hydralisk x2  
  160  10:57  Hydralisk x3, Roach x4  
  162  10:58  Roach x3  
  162  11:03  Ravager  
  185  11:08  Drone  
  185  11:09  Tunneling Claws  
  186  11:17  Drone  
  186  11:18  Drone x6  
  191  11:19  Drone x2  
  195  11:42  Extractor x2  
  195  11:43  Lurker x5  
  195  11:44  Lurker  
  199  11:50  Lurker  
  199  11:53  Hatchery, Extractor  
  198  11:55  Hatchery  
  198  11:59  Extractor  
  196  12:12  Ultralisk Cavern  
Tags
 
Add a new tag
Caveats
  • Supply blocks, unpowered buildings, or Contaminate may cause inaccurate times.
  • Supply counts are checked every 10 seconds.